 Dungeon Crawl Stone Soup version 0.30-a0-377-g5cb311bc9f (webtiles) character file.

Game seed: 8975831310464145103

106969 whiskeysaurus the Devastator (level 15, -8/121 HPs)
             Began as a White Draconian Conjurer on Nov 27, 2022.
             Was a High Priest of Hepliaklqana.
             Killed from afar by a will-o-the-wisp (51 damage)
             ... with a foxfire
             ... on level 4 of the Swamp on Nov 28, 2022.
             The game lasted 02:21:17 (36920 turns).

whiskeysaurus the Devastator (DrCj)                Turns: 36920, Time: 02:21:17

Health: -8/121     AC: 14    Str: 16    XL:     15   Next: 99%
Magic:  13/30      EV: 15    Int: 26    God:    Hepliaklqana [*****.]
Gold:   1629       SH:  0    Dex:  9    Spells: 17/36 levels left

rFire   x . .      SeeInvis .    X - staff of cold
rCold   + + +      Faith    .    (no shield)
rNeg    . . .      Spirit   .    (body armour unavailable)
rPois   .          Reflect  .    (helmet restricted)
rElec   .          Harm     .    J - +0 cloak
rCorr   .          Rampage  .    U - +0 pair of gloves
Will    +....                    t - +2 pair of boots
Stlth   +.........               z - amulet of magic regeneration
HPRegen 0.40/turn                c - ring of wizardry
MPRegen 0.62/turn                r - ring of the Saviour {Ice Str+6}

@: slowed, very slow
A: reduced essence, breathe frost, AC +9, unfitting armour, cold resistance 1,
cold-blooded
a: Breathe Frost, Renounce Religion, Recall Ancestor, Ancestor Identity,
Transference, Idealise


You were on level 4 of the Swamp.
You worshipped Hepliaklqana.
Hepliaklqana was extremely pleased with you.
You visited 5 branches of the dungeon, and saw 23 of its levels.
You also visited: Ossuary and Volcano.

You collected 2758 gold pieces.
You spent 1129 gold pieces at shops.

Inventory:

Hand Weapons
 n - a +5 eveningstar
 O - a +8 war axe
Missiles
 g - 181 stones
 K - a throwing net
Armour
 t - a +2 pair of boots (worn)
 J - a +0 cloak (worn)
 U - a +0 pair of gloves (worn)
Magical Staves
 X - a staff of cold (weapon)
Jewellery
 c - a ring of wizardry (left hand)
 h - a ring of protection from cold
 k - an amulet of regeneration
 r - the ring of the Saviour (right hand) {Ice Str+6}
   (You bought it in a shop on level 2 of the Orcish Mines)

   [ring of ice]

   It enhances your ice magic.
   Str:       It affects your strength (+6).
   rF:        It makes you vulnerable to fire.
   rC:        It protects you from cold.
 x - a ring of positive energy
 z - an amulet of magic regeneration (around neck)
 A - a ring of poison resistance
 D - a ring of positive energy
 N - a +6 ring of dexterity
 P - an amulet of the acrobat
 Q - an amulet of reflection
 T - a ring of willpower
 W - a ring of fire
 Y - a ring of wizardry
Wands
 a - a wand of paralysis (15)
 o - a wand of mindburst (19)
 p - a wand of light (18)
 G - a wand of flame (42)
 H - a wand of roots (28)
 Z - a wand of digging (3)
Scrolls
 d - 5 scrolls of amnesia
 e - 4 scrolls of teleportation
 m - 6 scrolls of fear
 y - 5 scrolls of enchant weapon
 E - 3 scrolls of enchant armour
 L - 2 scrolls of summoning
 M - a scroll of magic mapping
 S - a scroll of fog
 V - 2 scrolls of identify
Potions
 b - 7 potions of heal wounds
 f - 10 potions of curing
 i - 2 potions of flight
 j - 2 potions of lignification
 q - 3 potions of berserk rage
 s - 3 potions of haste
 u - 14 potions of ambrosia
 v - 3 potions of resistance
 w - 5 potions of attraction
 B - 7 potions of might
 C - 4 potions of invisibility
 F - 4 potions of cancellation
 I - 3 potions of brilliance
 R - a potion of magic
Miscellaneous
 l - a condenser vane


   Skills:
 + Level 13.1 Fighting
 + Level 11.4 Dodging
 - Level 4.0 Stealth
 + Level 11.4 Spellcasting
 + Level 15.9 Conjurations
 - Level 1.9 Hexes
 - Level 5.0 Translocations
 * Level 14.8 Ice Magic


You had 17 spell levels left.
You knew the following spells:

 Your Spells              Type           Power      Damage    Failure   Level
a - Magic Dart            Conj           100%       1d8       0%          1
b - Searing Ray           Conj           100%       2d8       0%          2
c - Fulminant Prism       Conj/Hex       28%        3d14      1%          4
d - Iskenderun's Mystic   Conj/Tloc      62%        2d13      1%          4
e - Freezing Cloud        Conj/Ice/Air   50%        6-21      1%          5
f - Teleport Other        Tloc           40%        N/A       1%          3

Your spell library contained the following spells:

 Spells                   Type           Power      Damage    Failure   Level
 Shock                    Conj/Air       100%       1d9       1%          1
 Dazzling Flash           Conj/Hex       100%       N/A       1%          3
 Gell's Gravitas          Tloc           40%        N/A       1%          3
 Lesser Beckoning         Tloc           80%        N/A       1%          3
 Mephitic Cloud           Conj/Pois/Air  42%        N/A       1%          3
 Portal Projectile        Hex/Tloc       64%        N/A       1%          3
 Passage of Golubria      Tloc           40%        N/A       1%          4
 Cigotuvi's Dreadful Rot  Necr/Pois/Air  28%        N/A       2%          2
 Poisonous Vapours        Pois/Air       28%        N/A       2%          2
 Kindle Blastsparks       Fire/Tloc/Air  46%        2d13      2%          3
 Tukima's Dance           Hex            24%        N/A       2%          3
 Ignite Poison            Fire/Tmut/Pois 14%        N/A       4%          3
 Summon Forest            Summ/Tloc      13%        N/A       16%         5
 Summon Mana Viper        Hex/Summ       19%        N/A       28%         5
 Yara's Violent Unravell  Hex/Tmut       9%         3d6       28%         5
 Blade Hands              Tmut           7%         N/A       38%         5
 Summon Cactus Giant      Summ           7%         N/A       91%         6
 Necromutation            Tmut/Necr      7%         N/A       100%        8


Dungeon Overview and Level Annotations

Branches:
Dungeon (11/15)            Temple (1/1) D:7            Lair (5/5) D:10
  Swamp (4/4) Lair:3        Snake (0/4) Lair:3        Slime (0/5) Lair:5
    Orc (2/2) D:11            Elf (0/3) Orc:2       Ossuary (visited)
Volcano (visited)

Altars:
Ashenzari
Cheibriados
Dithmenos
Elyvilon
Fedhas
Gozag
Hepliaklqana
Kikubaaqudgha
Makhleb
Nemelex Xobeh
Okawaru
Qazlal
Ru
Sif Muna
Trog
Uskayaw
Vehumet
Wu Jian
Xom
Yredelemnul
Zin
The Shining One
Jiyva

Shops:
D:6 =   D:11 *   Orc:2 (*[

Portals:
Trove: D:10 (give 9 potions of haste)

Annotations:
D:4 1 runed translucent door


Innate Abilities, Weirdness & Mutations

Your life essence is reduced to manifest your ancestor. (-10% HP)
You can breathe waves of freezing cold which knock back foes.
Your icy white scales are hard. (AC +9)
You cannot fit into any form of body armour.
Your flesh is cold resistant. (rC+)
You are cold-blooded and may be slowed by cold attacks.


Message History

The goliath frog is heavily wounded.
The goliath frog is knocked back by the mystic blast.
The foxfire hits Sinnashi!
Sinnashi resists.
The foxfire hits Sinnashi!
Sinnashi resists.
Sinnashi is destroyed!
The goliath frog barely misses you.
The bog body points at you and mumbles some strange words.
You resist with some effort.
The will-o-the-wisp blinks!
The goliath frog hits you but does no damage.
The bog body points at you and mumbles some strange words.
You resist with some effort. The goliath frog hits you from afar!
You are splashed with acid!
Casting: Iskenderun's Mystic Blast (safe; 1% risk of failure)
Confirm with . or Enter, or press ? or * to list all spells.
You erupt in a blast of force!
The mystic blast hits the goliath frog!
The goliath frog is severely wounded.
The goliath frog is knocked back by the mystic blast.
The mystic blast hits the will-o-the-wisp.
The will-o-the-wisp is severely damaged.
The will-o-the-wisp is knocked back by the mystic blast.
The bog body casts a spell at you. You resist with some effort.
The will-o-the-wisp blinks!
The will-o-the-wisp gestures.
The will-o-the-wisp conjures some foxfire!
The goliath frog hits you but does no damage.
The will-o-the-wisp gestures.
The will-o-the-wisp conjures some foxfire!
The goliath frog barely misses you. 4 foxfires come into view.
Casting: Iskenderun's Mystic Blast (safe; 1% risk of failure)
Confirm with . or Enter, or press ? or * to list all spells.
You erupt in a blast of force!
The mystic blast hits the goliath frog.
The goliath frog is severely wounded.
The goliath frog is knocked back by the mystic blast.
You are no longer corroded.
The foxfire hits you!! The fire burns you terribly! The foxfire hits you!!!
The fire burns you terribly!
You die...

♣♣~~ ♣~..§~.$~~~~~~~
♣.~~.♣♣♣♣♣...~~~~.~~~~~~
~~~~...♣~~~~~~~~...~~~~§
.~~...~F~~§~~§~~~.~~~~~~
≈~...~~§~§§~§§§~~~..~~~~
.~~.~.~~§~§§.§v~.~...~~~
♣§~.~~~v~~§§§~.♣♣~~.~~
♣~..~~v§§§§§§~..~~♣.~§
♣.~♣.@§v§§.~~~~~~♣♣.~.
♣~..~.~~n~~~§~~/.~♣♣♣♣
#~<..§.~~..~~~...~♣
#~~♣♣♣.§~~.~~.~♣♣♣♣ #~~~
♣.~~~~..♣♣♣ #§♣
~~~~..§~. ♣# .~..♣♣~~.
♣..§..~ ♣ §~.v


You could see a goliath frog, a will-o-the-wisp and a bog body.

Vanquished Creatures
  Kirke (Swamp:1)
  2 orc warlords
  2 eleionomae
  A bunyip (Swamp:1)
  A fire dragon (Lair:5)
  4 hydras (Lair:4)
  An ogre mage (Orc:2)
  2 catoblepae
  An anaconda (Lair:5)
  3 ghost crabs
  A boulder beetle (D:11)
  3 two-headed ogres
  4 alligators
  5 death yaks
  4 orc high priests
  6 spriggans
  A goliath frog (Swamp:1)
  Lodul (D:11)
  A swamp dragon (Lair:5)
  2 spriggan druids
  A bog body (Swamp:3)
  5 orc knights
  A cyclops (D:11)
  3 orc sorcerers
  A salamander (Volcano)
  3 black mambas
  13 elephants
  A torpor snail (Lair:1)
  An unseen horror (D:10)
  4 cane toads
  2 rime drakes (Lair:4)
  7 komodo dragons
  3 tyrant leeches
  A bloated husk (Swamp:1)
  7 polar bears
  2 trolls
  5 hornets
  A raiju (Lair:5)
  9 blink frogs
  Sigmund (D:5)
  A wraith (D:10)
  7 wyverns
  A fire bat (Volcano)
  2 shadows
  2 hogs (Swamp:1)
  42 yaks
  2 steam dragons
  4 basilisks
  Eustachio (D:6)
  4 vampire mosquitoes
  11 swamp worms
  2 wargs (Lair:5)
  2 acid dragons
  12 hell hounds
  11 water moccasins
  20 orc warriors
  2 swamp drakes
  2 ice beasts
  10 black bears
  The ghost of baller8008 the Slasher, an amateur MiBe of Trog (D:4)
  14 wolves
  8 ogres
  2 centaurs (Volcano)
  2 kobold brigands
  2 necrophages
  5 bullfrogs
  6 scorpions
  8 wights
  21 killer bees
  9 electric eels
  6 howler monkeys
  4 lava snakes (Lair:1)
  2 centaur zombies (Ossuary)
  23 orc priests
  A hound (D:5)
  A gnoll bouda (D:8)
  3 human zombies (Ossuary)
  7 iguanas
  26 orc wizards
  4 scorpion zombies (Ossuary)
  3 mummies (Ossuary)
  15 gnolls
  13 adders
  A shadow imp (D:8)
  A white imp (D:5)
  4 ufetubi
  3 worms
  5 dart slugs
  75 orcs
  6 ball pythons
  9 endoplasms
  6 giant cockroaches
  3 gnoll zombies (Ossuary)
  11 goblins
  9 hobgoblins
  6 jackals
  3 quokkas
  9 bats
  8 frilled lizards
  3 hobgoblin zombies (Ossuary)
  19 kobolds
  2 kobold zombies (Ossuary)
  2 orc zombies (Ossuary)
  7 rats
633 creatures vanquished.

Vanquished Creatures (collateral kills)
  A tentacled monstrosity (Swamp:1)
  A catoblepas (Lair:5)
  A hydra (Lair:5)
  A ghost crab (Swamp:4)
  6 two-headed ogres
  5 alligators
  3 death yaks
  2 orc high priests (Orc:2)
  A spriggan (Swamp:1)
  Urug (Orc:1)
  2 goliath frogs
  Amaemon (D:11)
  A spriggan druid (Swamp:3)
  2 swamp dragons
  A bog body (Swamp:3)
  2 orc sorcerers
  A lindwurm (Lair:5)
  3 will-o-the-wisps
  A salamander (Volcano)
  4 elephants
  A black mamba (Lair:4)
  An orange demon (D:11)
  A torpor snail (Lair:2)
  4 cane toads
  4 komodo dragons
  A rime drake (Lair:5)
  A queen bee (Lair:2)
  A troll (Orc:2)
  6 polar bears
  4 tyrant leeches
  A hornet (Swamp:1)
  4 blink frogs
  2 raiju (Lair:5)
  A wyvern (Lair:4)
  A fire bat (Volcano)
  3 hogs (Swamp:1)
  17 yaks
  3 basilisks
  3 vampire mosquitoes
  2 steam dragons (Lair:5)
  3 swamp worms
  3 wargs
  3 hell hounds (Lair:5)
  3 water moccasins (Lair:3)
  4 black bears (Lair:5)
  4 swamp drakes (Lair:5)
  10 orc warriors
  5 wolves
  5 ogres
  2 centaurs
  4 bullfrogs
  A gnoll sergeant (D:10)
  6 killer bees (Lair:2)
  3 orc priests (Orc:2)
  2 iguanas (Lair:5)
  10 orc wizards
  16 orcs
185 creatures vanquished.

Vanquished Creatures (others)
  An alligator (Swamp:3)
  A tyrant leech (Swamp:3)
  A swamp worm (Swamp:3)
  2 ancestors
  11 knights
  An orc (D:11)
  12 foxfires
  118 fulminant prisms
  43 fungi
  164 plants
354 creatures vanquished.

Grand Total: 1172 creatures vanquished

Notes
Turn   | Place    | Note
-------+----------+-------------------------------------------
     0 | D:1      | whiskeysaurus the Draconian Conjurer began the quest for
                  | the Orb.
     0 | D:1      | Reached XP level 1. HP: 14/14 MP: 3/3
   118 | D:1      | Reached XP level 2. HP: 9/20 MP: 0/5
   651 | D:1      | Reached XP level 3. HP: 26/26 MP: 4/6
   924 | D:1      | Found a faded altar of an unknown god.
   928 | D:1      | Got Plato's Anthology of Conduction
  1492 | D:2      | Learned a level 2 spell: Searing Ray
  2276 | D:3      | Reached XP level 4. HP: 33/33 MP: 4/7
  2311 | D:3      | Reached skill level 1 in Hexes
  3141 | D:3      | Reached XP level 5. HP: 27/38 MP: 1/8
  3228 | D:3      | Reached skill level 5 in Conjurations
  4190 | D:4      | Reached skill level 5 in Fighting
  4190 | D:4      | Reached skill level 5 in Dodging
  4190 | D:4      | Reached skill level 5 in Spellcasting
  4190 | D:4      | Reached skill level 9 in Conjurations
  4190 | D:4      | Reached XP level 6. HP: 56/56 MP: 9/14
  4196 | D:4      | Learned a level 4 spell: Fulminant Prism
  4242 | D:4      | Learned a level 4 spell: Iskenderun's Mystic Blast
  4322 | D:4      | Noticed a wyvern
  4490 | D:4      | Killed a wyvern
  4491 | D:4      | Your scales start taking on an icy white colour.
  4491 | D:4      | Reached XP level 7. HP: 59/62 MP: 6/15
  4491 | D:4      | Gained mutation: Your flesh is cold resistant. (rC+) [White
                  | Draconian growth]
  4499 | D:4      | Identified the +0 helmet of Arcadian Lucidity {Rampage}
  4818 | D:4      | Found a runed translucent door.
  4820 | D:4      | Noticed baller8008's ghost (amateur MiBe)
  4868 | D:4      | Found a runed translucent door.
  5348 | D:5      | Entered Level 5 of the Dungeon
  5433 | D:5      | Reached skill level 1 in Ice Magic
  5554 | D:5      | Found a basalt altar of Yredelemnul.
  5565 | D:5      | Noticed Sigmund
  5609 | D:5      | Found a sand-covered staircase.
  5616 | Ossuary  | Entered an ossuary
  5761 | Ossuary  | Reached XP level 8. HP: 66/70 MP: 4/16
  6631 | D:5      | Found a shadowy altar of Dithmenos.
  7203 | D:6      | Reached XP level 9. HP: 63/77 MP: 1/18
  7310 | D:6      | Noticed Eustachio
  7319 | D:6      | Killed Eustachio
  7606 | D:6      | Found Hueqalejes's Jewellery Emporium.
  7861 | D:7      | Reached skill level 10 in Conjurations
  8099 | D:7      | Identified the +3 war axe "Dagrio Iwia" {drain, Contam
                  | *Rage rPois Int+8}
  8304 | D:7      | Found a staircase to the Ecumenical Temple.
  8329 | Temple   | Entered the Ecumenical Temple
  9632 | D:8      | Reached XP level 10. HP: 61/86 MP: 9/19
  9979 | D:8      | Found a glowing silver altar of Zin.
 10017 | D:8      | Found a hazy altar of Hepliaklqana.
 10018 | D:8      | Found a blossoming altar of Fedhas.
 10020 | D:8      | Found a broken altar of Ashenzari.
 10020 | D:8      | Found an ancient bone altar of Kikubaaqudgha.
 10026 | D:8      | Became a worshipper of Hepliaklqana the Forgotten
 10119 | D:5      | Killed Sigmund
 10920 | D:7      | Identified the +2 whip of Crystal {venom, rPois rC+ Int-5}
 11753 | D:9      | Reached skill level 11 in Conjurations
 12039 | D:9      | Reached * piety under Hepliaklqana
 12299 | D:9      | Noticed a two-headed ogre
 12304 | D:9      | Reached skill level 5 in Ice Magic
 12312 | D:9      | Killed a two-headed ogre
 12614 | D:9      | Noticed a tengu warrior
 13552 | D:4      | Killed baller8008's ghost
 14023 | D:10     | Entered Level 10 of the Dungeon
 14588 | D:10     | Found a staircase to the Lair.
 14639 | D:10     | Reached XP level 11. HP: 84/84 MP: 1/21
 14965 | D:10     | Found a portal to a secret trove of treasure.
 15579 | D:11     | Reached ** piety under Hepliaklqana
 15580 | D:11     | Remembered your ancestor Sinnashi as a knight
 15663 | D:11     | Found Motteuw's Merry Market.
 15671 | D:11     | Bought an amulet of magic regeneration for 300 gold pieces
 15671 | D:11     | Bought 2 potions of magic for 160 gold pieces
 15683 | D:11     | Noticed Amaemon
 15692 | D:11     | Killed Amaemon
 15738 | D:11     | Noticed Lodul
 15744 | D:11     | Killed Lodul
 15751 | D:11     | Noticed a boulder beetle
 15825 | D:11     | Killed a boulder beetle
 15826 | D:11     | Reached skill level 12 in Conjurations
 16142 | D:11     | Found a staircase to the Orcish Mines.
 16474 | D:11     | Noticed a two-headed ogre
 16480 | D:11     | Killed a two-headed ogre
 16665 | Lair:1   | Entered Level 1 of the Lair of Beasts
 17777 | Lair:1   | Reached XP level 12. HP: 59/93 MP: 8/24
 18052 | Lair:1   | Reached *** piety under Hepliaklqana
 18538 | Lair:2   | Found a dark tunnel.
 18543 | Volcano  | Entered a volcano
 18676 | Volcano  | Noticed a two-headed ogre
 18679 | Volcano  | Killed a two-headed ogre
 18751 | Volcano  | Reached skill level 13 in Conjurations
 19758 | Lair:2   | Noticed a death yak
 19774 | Lair:2   | Found the +4 robe of Folly {Brilliance Will-∞ Int+8}
 20181 | Lair:3   | Found a staircase to the Snake Pit.
 20399 | Lair:3   | Got the Quarto of the Figure and the Wayfarer
 20426 | Lair:3   | Reached skill level 1 in Translocations
 20789 | Lair:3   | Found a staircase to the Swamp.
 21153 | Lair:3   | Reached skill level 10 in Fighting
 21314 | Lair:3   | Reached **** piety under Hepliaklqana
 21555 | Lair:3   | Reached XP level 13. HP: 92/101 MP: 16/26
 22027 | Lair:4   | Reached skill level 14 in Conjurations
 22230 | Lair:4   | Learned a level 5 spell: Freezing Cloud
 23314 | Lair:4   | Reached ***** piety under Hepliaklqana
 23610 | Lair:5   | Entered Level 5 of the Lair of Beasts
 24321 | Lair:5   | Reached skill level 10 in Ice Magic
 24381 | Lair:5   | Reached XP level 14. HP: 88/111 MP: 19/27
 24788 | Lair:5   | Reached skill level 5 in Translocations
 25317 | Lair:5   | Reached skill level 10 in Spellcasting
 25326 | Lair:5   | Reached skill level 10 in Dodging
 25750 | Lair:5   | Reached skill level 15 in Conjurations
 25828 | Lair:5   | Found a viscous altar of Jiyva.
 25828 | Lair:5   | Found a staircase to the Slime Pits.
 27140 | Orc:1    | Entered Level 1 of the Orcish Mines
 28015 | Orc:1    | Noticed Urug
 28022 | Orc:1    | Found a transporter.
 28031 | Orc:1    | Killed Urug
 28105 | Orc:1    | Noticed an orc warlord
 28323 | Orc:1    | Found a runed translucent door.
 28363 | Orc:1    | Found a transporter.
 28648 | Orc:2    | Entered Level 2 of the Orcish Mines
 28828 | Orc:2    | Found a staircase to the Elven Halls.
 28853 | Orc:2    | Noticed an orc warlord
 28901 | Orc:2    | Killed an orc warlord
 29662 | Orc:2    | Reached XP level 15. HP: 118/118 MP: 24/29
 30112 | Orc:2    | Found Hamek's Antique Armour Shop.
 30113 | Orc:2    | Found Duryil's Antique Weapon Shop.
 30115 | Orc:2    | Found Arucivva's General Store.
 30115 | Orc:2    | Found Kaerch's Jewellery Boutique.
 30122 | Orc:2    | Bought the ring of the Saviour {Ice Str+6} for 669 gold
                  | pieces
 30855 | Swamp:1  | Entered Level 1 of the Swamp
 30873 | Swamp:1  | Noticed a tentacled monstrosity
 30883 | Swamp:1  | Killed a tentacled monstrosity
 30924 | Swamp:1  | Noticed Kirke
 30933 | Swamp:1  | Killed Kirke
 33077 | Swamp:2  | Learned a level 3 spell: Teleport Other
 36490 | Swamp:4  | Entered Level 4 of the Swamp
 36920 | Swamp:4  | Killed from afar by a will-o-the-wisp

Illustrated notes

Levels and vault maps discovered:
D:1:      roderic_crop_circles_arrival_small, layout_basic,
          shapermc_ecumenical_altar_rom_forum
D:2:      layout_loops_cross, minivault_11, chequers_decorated_corner,
          serial_bayou_lake_a
D:3:      minmay_thinvault, layout_basic, grunt_decor_clamped
D:4:      minmay_clustersquares, layout_basic, ebering_ghost_sewer_f
D:5:      layout_cave_pools, mainiacjoe_overflow_large_starburst,
          chequers_ossuary_entry_cave, grunt_ministairs_6, uniq_sigmund
D:6:      layout_basic, serial_shops, shop, grunt_decor_cap, uniq_eustachio
D:7:      layout_loops_corners, minmay_temple_entry_stoned_glass
D:8:      layout_basic, chequers_temple_overflow_statue_of_worship,
          zin_scriptorium
D:9:      cheibrodos_two_vegetables, layout_layer_cave, minmay_misc_feat_room
D:10:     layout_cross, dpeg_oklobed_lair, nicolae_trove_entry_crystal
D:11:     layout_loops_ring, erik_orc_1, nicolae_alphabet_shops, uniq_lodul,
          uniq_amaemon
Temple:   hellmonk_temple_of_storms
Lair:1:   layout_layer_cave, nicolae_quartered_pool_medium,
          nicolae_lair_liquid_snakes
Lair:2:   layout_misc_corridors, nicolae_volcano_entry_s_turn, special_room
          [special_room_bee], dreamdust_deal_with_the_devil
Lair:3:   layout_regular_city, swamp_mist_pool, minmay_snake_entry_six_corridors
Lair:4:   layout_layer_cave, beast_lair_carwin_8
Lair:5:   hangedman_lair_caniforms_friends, layout_loops_ring,
          guppyfry_lair_end_dragon, slime_entry_1, pond
Swamp:1:  layout_basic_swamp, nicolae_swamp_orc_logging_accident, uniq_kirke
Swamp:2:  layout_basic_swamp, serial_swamp_ruin, evilmike_swamp_ruin_house_4,
          evilmike_swamp_ruin_rubble_2
Swamp:3:  layout_basic_swamp, infiniplex_staircase_pool
Swamp:4:  swamp_vile, layout_basic_swamp, gammafunk_ghost_arena
Orc:1:    gammafunk_beogh_shrine, layout_caves, lightli_church_of_beogh,
          uniq_urug
Orc:2:    st_orc_congregation, layout_caves, mines2_david

Skill      XL: |  1  2  3  4  5  6  7  8  9 10 11 12 13 14 15 |
---------------+----------------------------------------------+-----
Stealth        | 2 3 4 |  4.0
Dodging        | 2 5 6 7 8 9 10 11 | 11.4
Hexes          | 1 |  1.9
Conjurations   | 9 10 11 12 13 14 15 | 15.9
Fighting       | 5 6 7 9 10 11 12 13 | 13.1
Spellcasting   | 5 6 7 8 9 10 11 | 11.4
Ice Magic      | 1 2 4 5 7 8 10 12 14 | 14.8
Translocations | 2 4 5 |  5.0

Action                   |  1- 3 |  4- 6 |  7- 9 | 10-12 | 13-15 || total
-------------------------+-------+-------+-------+-------+-------++-------
Melee: Unarmed           |    35 |       |       |       |       ||    35
       Tailslap          |     7 |     1 |     8 |     6 |    12 ||    34
       Punch             |     2 |       |     1 |       |     3 ||     6
       Dagger            |     2 |    24 |       |       |       ||    26
       Mace              |       |     1 |       |       |       ||     1
       War axe           |       |       |    59 |    34 |    32 ||   125
       Long sword        |       |       |    11 |       |       ||    11
       Eveningstar       |       |       |       |       |    21 ||    21
       Staff             |       |       |       |       |     6 ||     6
 Cast: Magic Dart        |    84 |    57 |   118 |   222 |   678 ||  1159
       Searing Ray       |     1 |    12 |    41 |    62 |    17 ||   133
       Fulminant Prism   |       |     2 |    22 |    66 |    28 ||   118
       Iskenderun's Myst |       |       |     3 |    22 |   107 ||   132
       Freezing Cloud    |       |       |       |       |   184 ||   184
       Teleport Other    |       |       |       |       |     1 ||     1
Invok: Ancestor Life: Kn |       |       |       |     1 |       ||     1
       Transference      |       |       |       |     1 |     1 ||     2
 Abil: Breathe Frost     |       |       |     3 |    13 |    14 ||    30
Evoke: Wand              |       |       |       |       |     1 ||     1
  Use: Potion            |     1 |     1 |     2 |     2 |     2 ||     8
       Scroll            |       |     5 |     2 |    23 |     6 ||    36
 Stab: Distracted        |       |       |       |       |     1 ||     1
Armor: Skin              |    28 |    21 |    79 |    72 |   141 ||   341
Dodge: Dodged            |    58 |    29 |   121 |    97 |   205 ||   510

Table legend: (Time is in decaauts)
 A = Elapsed time spent in this place.
 B = Non-inter-level travel time spent in this place.
 C = Inter-level travel time spent in this place.
 D = Time resting spent in this place.
 E = Time spent auto-exploring this place.
 F = Levels seen in this place.
 G = Mean time per level.
                   A        B        C        D        E       F      G
               +--------+--------+--------+--------+--------+-----+--------+
         Total |  37364 |  34989 |   2375 |  10914 |  17435 |  25 | 1494.6 |
       Dungeon |  17216 |  15475 |   1741 |   3950 |   9296 |  11 | 1565.1 |
        Temple |     40 |     34 |      6 |      0 |     22 |   1 |   40.0 |
          Lair |   9515 |   9090 |    425 |   2267 |   4630 |   5 | 1903.0 |
         Swamp |   6269 |   6190 |     79 |   3764 |   1719 |   4 | 1567.2 |
  Orcish Mines |   2623 |   2500 |    123 |    229 |   1271 |   2 | 1311.5 |
       Ossuary |    956 |    956 |      0 |    436 |    312 |   1 |  956.0 |
       Volcano |    742 |    742 |      0 |    268 |    183 |   1 |  742.0 |
               +--------+--------+--------+--------+--------+-----+--------+

Top non-repeatable levels by time:
 Swamp:2: 3273 daAuts
     D:9: 3261 daAuts
  Lair:5: 2709 daAuts
  Lair:4: 2171 daAuts
     D:7: 2162 daAuts
  Lair:2: 1961 daAuts
    D:11: 1819 daAuts
 Swamp:1: 1742 daAuts
     D:3: 1647 daAuts
   Orc:2: 1573 daAuts
  Lair:1: 1494 daAuts
     D:1: 1396 daAuts
     D:2: 1342 daAuts
     D:4: 1294 daAuts
     D:6: 1243 daAuts
